| TOP OF THE 1ST |
|
Salt Lake Bees batting - Pitching for Pawtucket Red Sox : RHP Jon Mercado
|
|
Pitching: RHP Jon Mercado
|
|
|
Batting: RHB Mike Harkins
|
0-0: Ball 1-0: Swinging Strike 1-1: Foul Ball, location: 2F 1-2: Ball 2-2: Fly out, F7 (Line Drive, 7D, EV 94.4 MPH)
|
|
Batting: RHB Justin Lauderdale
|
0-0: Called Strike 0-1: Called Strike 0-2: Ball 1-2: Strikes out looking
|
|
Batting: RHB Andres Mendiola
|
0-0: Called Strike 0-1: SINGLE (Line Drive, 8RS, EV 91.9 MPH)
|
|
Batting: LHB Matt Patnaude
|
0-0: Ball 1-0: Called Strike 1-1: Foul Ball, location: 2F 1-2: Strikes out swinging
|
| Top of the 1st over - 0 runs, 1 hit, 0 errors, 1 left on base; Salt Lake 0 - Pawtucket 0 |
| BOTTOM OF THE 1ST |
|
Pawtucket Red Sox batting - Pitching for Salt Lake Bees : LHP Brennan Duncan
|
|
Pitching: LHP Brennan Duncan
|
|
|
Batting: RHB Scott Treider
|
0-0: Swinging Strike 0-1: Fly out, F4 (Popup, 34D, EV 47.5 MPH)
|
|
Batting: LHB Mike Jones
|
0-0: Ball 1-0: Ball 2-0: Foul Ball, location: 2F 2-1: Ball 3-1: Foul Ball, location: 2F 3-2: SINGLE (Groundball, 34D, EV 107.5 MPH)
|
|
Batting: SHB Ben Ervin
|
0-0: Called Strike 0-1: Fielders Choice at 2nd, 6-4 (Groundball, 6S, EV 85.6 MPH)
|
|
Batting: RHB Marty King
|
0-0: Ground out 3-1 (Groundball, 34S, EV 84.4 MPH)
|
| Bottom of the 1st over - 0 runs, 1 hit, 0 errors, 1 left on base; Salt Lake 0 - Pawtucket 0 |
| TOP OF THE 2ND |
|
Salt Lake Bees batting - Pitching for Pawtucket Red Sox : RHP Jon Mercado
|
|
Batting: RHB Reginald McDougall
|
0-0: Called Strike 0-1: Ball 1-1: Foul Ball, location: 2F 1-2: SINGLE (Groundball, 56S, EV 67.5 MPH) (infield hit)
|
|
Batting: RHB Cesar Ortega
|
0-0: Ball Reginald McDougall steals 2nd base (no throw) 1-0: Foul Ball, location: 2F 1-1: Ground out 6-3 (Groundball, 6M, EV 110.6 MPH) Reginald McDougall to third
|
|
Batting: SHB Brendan Bundy
|
0-0: Called Strike 0-1: Ball 1-1: Ball 2-1: Ground out U3 (Groundball, 34S, EV 78.1 MPH) Reginald McDougall scores
|
|
Batting: RHB Ryan Marler
|
0-0: Ball 1-0: Ball 2-0: Foul Ball, location: 2F 2-1: Ground out U3 (Groundball, 34, EV 88.8 MPH)
|
| Top of the 2nd over - 1 run, 1 hit, 0 errors, 0 left on base; Salt Lake 1 - Pawtucket 0 |
| BOTTOM OF THE 2ND |
|
Pawtucket Red Sox batting - Pitching for Salt Lake Bees : LHP Brennan Duncan
|
|
Batting: RHB Ernie Genier
|
0-0: Foul Ball, location: 2F 0-1: Foul Ball, location: 2F 0-2: Fly out, F7 (Flyball, 7, EV 91.9 MPH)
|
|
Batting: RHB Xavier Joslin
|
0-0: Ball 1-0: Ball 2-0: Ground out 4-3 (Groundball, 4, EV 80.0 MPH)
|
|
Batting: LHB Justin Wenzel
|
0-0: SINGLE (Groundball, 34S, EV 66.9 MPH) (infield hit)
|
|
Batting: SHB Gus Cruz
|
0-0: Swinging Strike 0-1: Called Strike 0-2: Strikes out swinging
|
| Bottom of the 2nd over - 0 runs, 1 hit, 0 errors, 1 left on base; Salt Lake 1 - Pawtucket 0 |
| TOP OF THE 3RD |
|
Salt Lake Bees batting - Pitching for Pawtucket Red Sox : RHP Jon Mercado
|
|
Batting: SHB Ivan Barry
|
0-0: Ball 1-0: Ball 2-0: Ground out U3 (Groundball, 3L, EV 88.8 MPH)
|
|
Batting: RHB Mike Harkins
|
0-0: Ball 1-0: Called Strike 1-1: Foul Ball, location: 2F 1-2: Foul Ball, location: 2F 1-2: Strikes out swinging
|
|
Batting: RHB Justin Lauderdale
|
0-0: Called Strike 0-1: Foul Ball, location: 2F 0-2: Ball 1-2: Foul Ball, location: 2F 1-2: Ground out 4-3 (Groundball, 34, EV 86.2 MPH)
|
| Top of the 3rd over - 0 runs, 0 hits, 0 errors, 0 left on base; Salt Lake 1 - Pawtucket 0 |
| BOTTOM OF THE 3RD |
|
Pawtucket Red Sox batting - Pitching for Salt Lake Bees : LHP Brennan Duncan
|
|
Batting: LHB Noel Wilson
|
0-0: Ball 1-0: DOUBLE (Line Drive, 9LM, EV 92.5 MPH)
|
|
Batting: RHB Scott Treider
|
0-0: Called Strike 0-1: Fly out, F8 (Flyball, 8RXD, EV 96.9 MPH) Runner from 2nd tags up, SAFE at 3rd, no throw by CF
|
|
Batting: LHB Mike Jones
|
0-0: Ball 1-0: Called Strike 1-1: Foul Ball, location: 2F 1-2: Foul Ball, location: 2F 1-2: Strikes out looking
|
|
Batting: SHB Ben Ervin
|
0-0: Called Strike 0-1: Fly out, F8 (Flyball, 8LXD, EV 99.4 MPH)
|
| Bottom of the 3rd over - 0 runs, 1 hit, 0 errors, 1 left on base; Salt Lake 1 - Pawtucket 0 |
| TOP OF THE 4TH |
|
Salt Lake Bees batting - Pitching for Pawtucket Red Sox : RHP Jon Mercado
|
|
Batting: RHB Andres Mendiola
|
0-0: Ball 1-0: Ball 2-0: Ball 3-0: Base on Balls
|
|
Batting: LHB Matt Patnaude
|
0-0: Called Strike Andres Mendiola steals 2nd base 0-1: Ball 1-1: Foul Ball, location: 2F 1-2: DOUBLE (Line Drive, 8RXD, EV 111.9 MPH) Andres Mendiola scores
|
|
Batting: RHB Reginald McDougall
|
0-0: Swinging Strike 0-1: Ground out 6-3 (Groundball, 6, EV 87.5 MPH) Matt Patnaude to third
|
|
Batting: RHB Cesar Ortega
|
0-0: Ball 1-0: Foul Ball, location: 2F 1-1: Swinging Strike 1-2: Ball Balk! Matt Patnaude scores 2-2: SINGLE (Groundball, 56S, EV 61.2 MPH) (infield hit)
|
|
Batting: SHB Brendan Bundy
|
0-0: Ball 1-0: Called Strike Cesar Ortega steals 2nd base 1-1: Foul Ball, location: 2F 1-2: Foul Ball, location: 2F 1-2: Strikes out looking
|
|
Batting: RHB Ryan Marler
|
0-0: Ball 1-0: Swinging Strike 1-1: Swinging Strike 1-2: SINGLE (Groundball, 6MD, EV 104.4 MPH) Cesar Ortega to third Runner from 3rd tries for Home, throw by CF and OUT! 8-2
|
| Top of the 4th over - 2 runs, 3 hits, 0 errors, 1 left on base; Salt Lake 3 - Pawtucket 0 |
| BOTTOM OF THE 4TH |
|
Pawtucket Red Sox batting - Pitching for Salt Lake Bees : LHP Brennan Duncan
|
|
Batting: RHB Marty King
|
0-0: Foul Ball, location: 2F 0-1: DOUBLE (Flyball, 78XD, EV 110.6 MPH)
|
|
Batting: RHB Ernie Genier
|
0-0: Ball 1-0: Called Strike 1-1: Ball 2-1: SINGLE (Line Drive, 6MD, EV 96.2 MPH) Marty King to third
|
|
Batting: RHB Xavier Joslin
|
0-0: Called Strike 0-1: Reached on error, E1 (Groundball, 13, EV 75.0 MPH) Marty King scores Ernie Genier to second
|
|
Batting: LHB Justin Wenzel
|
0-0: Fielders Choice at 2nd, 3-6 (Groundball, 34S, EV 88.8 MPH) Ernie Genier to third
|
|
Batting: SHB Gus Cruz
|
0-0: Foul Ball, location: 2F 0-1: SINGLE (Groundball, 6, EV 98.8 MPH) Ernie Genier scores Justin Wenzel to second
|
|
Batting: LHB Noel Wilson
|
0-0: Called Strike 0-1: Grounds into double play, 1-6-3 (Groundball, 13S, EV 66.2 MPH)
|
| Bottom of the 4th over - 2 runs, 3 hits, 1 error, 1 left on base; Salt Lake 3 - Pawtucket 2 |
| TOP OF THE 5TH |
|
Salt Lake Bees batting - Pitching for Pawtucket Red Sox : RHP Jon Mercado
|
|
Batting: SHB Ivan Barry
|
0-0: Ball 1-0: Ball 2-0: Called Strike 2-1: Foul Ball, location: 2F 2-2: SINGLE (Groundball, 25, EV 61.9 MPH) (infield hit)
|
|
Batting: RHB Mike Harkins
|
0-0: Ball 1-0: Ball 2-0: Called Strike 2-1: Called Strike 2-2: Ball 3-2: Fly out, F9 (Flyball, 89S, EV 89.4 MPH)
|
|
Batting: RHB Justin Lauderdale
|
0-0: Called Strike Ivan Barry steals 2nd base 0-1: Ball 1-1: Ball 2-1: Ground out 6-3 (Groundball, 6M, EV 88.1 MPH) Ivan Barry to third
|
|
Batting: RHB Andres Mendiola
|
0-0: Ball 1-0: Swinging Strike 1-1: Foul Ball, location: 2F 1-2: Foul Ball, location: 2F 1-2: Foul Ball, location: 2F 1-2: Strikes out swinging
|
| Top of the 5th over - 0 runs, 1 hit, 0 errors, 1 left on base; Salt Lake 3 - Pawtucket 2 |
| BOTTOM OF THE 5TH |
|
Pawtucket Red Sox batting - Pitching for Salt Lake Bees : LHP Brennan Duncan
|
|
Batting: RHB Scott Treider
|
0-0: Ball 1-0: SINGLE (Line Drive, 89S, EV 107.5 MPH)
|
|
Batting: LHB Mike Jones
|
0-0: Grounds into double play, 3-6-3 (Groundball, 3, EV 77.5 MPH)
|
|
Batting: SHB Ben Ervin
|
0-0: Foul Ball, location: 2F 0-1: Ball 1-1: Ball 2-1: Called Strike 2-2: Strikes out swinging
|
| Bottom of the 5th over - 0 runs, 1 hit, 0 errors, 0 left on base; Salt Lake 3 - Pawtucket 2 |
| TOP OF THE 6TH |
|
Salt Lake Bees batting - Pitching for Pawtucket Red Sox : RHP Jon Mercado
|
|
Batting: LHB Matt Patnaude
|
0-0: Fly out, F4 (Line Drive, 4, EV 71.2 MPH)
|
|
Batting: RHB Reginald McDougall
|
0-0: Ball 1-0: Ball 2-0: Ball 3-0: Base on Balls
|
|
Batting: RHB Cesar Ortega
|
0-0: Called Strike Reginald McDougall steals 2nd base 0-1: Ball 1-1: Foul Ball, location: 2F 1-2: Strikes out looking
|
|
Pitching: RHP Marquis Williams
|
|
|
Batting: SHB Brendan Bundy
|
0-0: Called Strike 0-1: Called Strike 0-2: Ball 1-2: Foul Ball, location: 2F 1-2: Ground out 4-3 (Groundball, 4S, EV 65.6 MPH)
|
| Top of the 6th over - 0 runs, 0 hits, 0 errors, 1 left on base; Salt Lake 3 - Pawtucket 2 |
| BOTTOM OF THE 6TH |
|
Pawtucket Red Sox batting - Pitching for Salt Lake Bees : LHP Brennan Duncan
|
|
Batting: RHB Marty King
|
0-0: Called Strike 0-1: Foul Ball, location: 2F 0-2: DOUBLE (Flyball, 9LD, EV 95.6 MPH)
|
|
Batting: RHB Ernie Genier
|
0-0: Ball 1-0: Swinging Strike 1-1: Ground out 6-3 (Groundball, 6, EV 88.1 MPH)
|
|
Batting: RHB Xavier Joslin
|
0-0: Ball 1-0: Foul Ball, location: 2F 1-1: Ball 2-1: Ball 3-1: Called Strike 3-2: Base on Balls
|
|
Pinch Hitting: RHB Brandon Perris
|
0-0: Called Strike 0-1: Swinging Strike 0-2: Grounds into double play, 5-4-3 (Groundball, 5S, EV 89.4 MPH)
|
| Bottom of the 6th over - 0 runs, 1 hit, 0 errors, 1 left on base; Salt Lake 3 - Pawtucket 2 |
| TOP OF THE 7TH |
|
Salt Lake Bees batting - Pitching for Pawtucket Red Sox : RHP Marquis Williams
|
|
Now at 2B: Gus Cruz
|
|
|
Now at SS: Brandon Perris
|
|
|
Now in LF: Mike Jones
|
|
|
Now in RF: Ben Ervin
|
|
|
Batting: RHB Ryan Marler
|
0-0: Ball 1-0: Foul Ball, location: 2F 1-1: Ball 2-1: Swinging Strike 2-2: Ball 3-2: Strikes out swinging
|
|
Batting: SHB Ivan Barry
|
0-0: Foul Ball, location: 2F 0-1: Ball 1-1: Foul Ball, location: 2F 1-2: Ball 2-2: Ground out 3-1 (Groundball, 34S, EV 83.1 MPH)
|
|
Batting: RHB Mike Harkins
|
0-0: Ball 1-0: Ball 2-0: Ball 3-0: Called Strike 3-1: Foul Ball, location: 2F 3-2: Ground out 1-3 (Groundball, 15, EV 64.4 MPH)
|
| Top of the 7th over - 0 runs, 0 hits, 0 errors, 0 left on base; Salt Lake 3 - Pawtucket 2 |
| BOTTOM OF THE 7TH |
|
Pawtucket Red Sox batting - Pitching for Salt Lake Bees : LHP Brennan Duncan
|
|
Batting: SHB Gus Cruz
|
0-0: Called Strike 0-1: SINGLE (Line Drive, 89S, EV 93.8 MPH)
|
|
Batting: LHB Noel Wilson
|
0-0: Called Strike 0-1: Bunt missed! 0-2: Ball 1-2: Ball 2-2: SINGLE (Groundball, 34D, EV 106.2 MPH) Gus Cruz to second Runner from 2nd tries for 3rd, SAFE, throw by RF made to third
|
|
Pitching: LHP Pete Zamarron
|
|
|
Batting: RHB Scott Treider
|
0-0: Ball 1-0: SINGLE (Groundball, 56, EV 108.1 MPH) Gus Cruz scores Noel Wilson to second
|
|
Pinch Hitting: RHB Mike Quackenbush
|
0-0: Swinging Strike 0-1: Ball 1-1: Called Strike 1-2: Ball 2-2: Strikes out swinging
|
|
Batting: SHB Ben Ervin
|
0-0: Ball 1-0: Ball 2-0: Ball 3-0: Base on Balls Noel Wilson to third Scott Treider to second
|
|
Batting: RHB Marty King
|
0-0: Ball 1-0: Ball 2-0: Ball 3-0: Called Strike 3-1: Swinging Strike 3-2: Foul Ball, location: 2F 3-2: Strikes out swinging
|
|
Batting: RHB Ernie Genier
|
0-0: Ball 1-0: Fly out, F8 (Flyball, 8RM, EV 82.5 MPH)
|
| Bottom of the 7th over - 1 run, 3 hits, 0 errors, 3 left on base; Salt Lake 3 - Pawtucket 3 |
| TOP OF THE 8TH |
|
Salt Lake Bees batting - Pitching for Pawtucket Red Sox : RHP Marquis Williams
|
|
Pitching: LHP Zack McGovern
|
|
|
Now in LF: Ben Ervin
|
|
|
Now in RF: Mike Quackenbush
|
|
|
Batting: RHB Justin Lauderdale
|
0-0: Fly out, F9 (Flyball, 9S, EV 76.9 MPH)
|
|
Batting: RHB Andres Mendiola
|
0-0: Called Strike 0-1: Called Strike 0-2: Ball 1-2: Ball 2-2: Ball 3-2: Strikes out swinging
|
|
Batting: LHB Matt Patnaude
|
0-0: Foul Ball, location: 2F 0-1: Foul Ball, location: 2F 0-2: Strikes out swinging
|
| Top of the 8th over - 0 runs, 0 hits, 0 errors, 0 left on base; Salt Lake 3 - Pawtucket 3 |
| BOTTOM OF THE 8TH |
|
Pawtucket Red Sox batting - Pitching for Salt Lake Bees : LHP Pete Zamarron
|
|
Pitching: LHP Nick Yarbrough
|
|
|
Batting: RHB Xavier Joslin
|
0-0: Ball 1-0: Called Strike 1-1: Foul Ball, location: 2F 1-2: Foul Ball, location: 2F 1-2: Foul Ball, location: 2F 1-2: Foul Ball, location: 2F 1-2: Foul Ball, location: 2F 1-2: Ball 2-2: Ball 3-2: Foul Ball, location: 2F 3-2: Fly out, F9 (Line Drive, 9D, EV 92.5 MPH)
|
|
Batting: RHB Brandon Perris
|
0-0: Swinging Strike 0-1: Called Strike 0-2: Strikes out swinging
|
|
Batting: SHB Gus Cruz
|
0-0: Foul Ball, location: 2F 0-1: Ball 1-1: Ball 2-1: Ground out 4-3 (Groundball, 4, EV 80.6 MPH)
|
| Bottom of the 8th over - 0 runs, 0 hits, 0 errors, 0 left on base; Salt Lake 3 - Pawtucket 3 |
| TOP OF THE 9TH |
|
Salt Lake Bees batting - Pitching for Pawtucket Red Sox : LHP Zack McGovern
|
|
Pitching: RHP Justin Carrion
|
|
|
Batting: LHB Vinny Carreno
|
0-0: Ball 1-0: Called Strike 1-1: Ball 2-1: Foul Ball, location: 2F 2-2: Strikes out looking
|
|
Batting: RHB Cesar Ortega
|
0-0: Ball 1-0: Ball 2-0: Ball 3-0: Called Strike 3-1: Foul Ball, location: 2F 3-2: Strikes out swinging
|
|
Batting: SHB Brendan Bundy
|
0-0: DOUBLE (Line Drive, 5D, EV 99.4 MPH)
|
|
Batting: RHB Ryan Marler
|
0-0: Called Strike 0-1: Ball 1-1: Foul Ball, location: 2F 1-2: Strikes out swinging
|
| Top of the 9th over - 0 runs, 1 hit, 0 errors, 1 left on base; Salt Lake 3 - Pawtucket 3 |
| BOTTOM OF THE 9TH |
|
Pawtucket Red Sox batting - Pitching for Salt Lake Bees : LHP Nick Yarbrough
|
|
Batting: LHB Noel Wilson
|
0-0: Ground out 4-3 (Groundball, 34D, EV 82.5 MPH)
|
|
Batting: RHB Scott Treider
|
0-0: Called Strike 0-1: Swinging Strike 0-2: Foul Ball, location: 2F 0-2: Ball 1-2: Ground out 5-3 (Groundball, 56, EV 92.5 MPH)
|
|
Batting: RHB Mike Quackenbush
|
0-0: Called Strike 0-1: SINGLE (Groundball, 6MS, EV 81.9 MPH) (infield hit)
|
|
Batting: SHB Ben Ervin
|
0-0: Ball 1-0: Swinging Strike 1-1: Ball 2-1: Ball 3-1: Foul Ball, location: 2F 3-2: Foul Ball, location: 2F 3-2: Fly out, F8 (Flyball, 8RS, EV 81.9 MPH)
|
| Bottom of the 9th over - 0 runs, 1 hit, 0 errors, 1 left on base; Salt Lake 3 - Pawtucket 3 |
| TOP OF THE 10TH |
|
Salt Lake Bees batting - Pitching for Pawtucket Red Sox : RHP Justin Carrion
|
|
Batting: SHB Ivan Barry
|
0-0: Foul Ball, location: 2F 0-1: DOUBLE (Line Drive, 5D, EV 95.6 MPH)
|
|
Batting: RHB Mike Harkins
|
0-0: Ball 1-0: Foul Ball, location: 2F 1-1: Called Strike 1-2: Ball Wild Pitch! Ivan Barry to third 2-2: Strikes out swinging
|
|
Batting: RHB Justin Lauderdale
|
0-0: Ball 1-0: Ball 2-0: Foul Ball, location: 2F 2-1: Foul Ball, location: 2F 2-2: Ground out 5-3 (Groundball, 56S, EV 68.1 MPH)
|
|
Batting: RHB Andres Mendiola
|
0-0: Foul Ball, location: 2F 0-1: Swinging Strike 0-2: Strikes out swinging
|
| Top of the 10th over - 0 runs, 1 hit, 0 errors, 1 left on base; Salt Lake 3 - Pawtucket 3 |
| BOTTOM OF THE 10TH |
|
Pawtucket Red Sox batting - Pitching for Salt Lake Bees : LHP Nick Yarbrough
|
|
Batting: RHB Marty King
|
0-0: SINGLE (Line Drive, 9S, EV 96.2 MPH)
|
|
Batting: RHB Ernie Genier
|
0-0: Ball 1-0: Called Strike Marty King steals 2nd base 1-1: Swinging Strike 1-2: Ball 2-2: Foul Ball, location: 2F 2-2: Foul Ball, location: 2F 2-2: Ball 3-2: Strikes out swinging
|
|
Batting: RHB Xavier Joslin
|
0-0: Ball 1-0: Ball 2-0: Called Strike 2-1: Ball 3-1: SINGLE (Flyball, 56D, EV 83.8 MPH) Marty King to third
|
|
Pitching: RHP Kirk Thacker
|
|
|
Batting: RHB Brandon Perris
|
0-0: Ball 1-0: Ball 2-0: Ball 3-0: Base on Balls Xavier Joslin to second
|
|
Batting: SHB Gus Cruz
|
0-0: Ball 1-0: SINGLE (Groundball, 25, EV 65.6 MPH) (infield hit) Marty King scores
|
| Bottom of the 10th over - 1 run, 3 hits, 0 errors, 0 left on base; Salt Lake 3 - Pawtucket 4 |
| |
|
Game Over ... Pawtucket defeats Salt Lake, 4 to 3
|
|
|